 Dungeon Crawl Stone Soup version bcrawl-1.21.2-28-g2cb1824106 (webtiles) character file.

Game seed: 853550868689903896

114 Defined the Magician (level 4, -3/25 HPs)
             Began as a Skeleton Wizard on Mar 3, 2020.
             Slain by an adder (5 damage)
             ... on level 3 of the Dungeon.
             The game lasted 00:09:14 (3770 turns).

Defined the Magician (Skeleton Wizard)              Turns: 3770, Time: 00:09:15

Health: -3/25      AC:  2    Str: 12 (13) XL:     4   Next: 66%
Magic:  0/11       EV: 12    Int: 18      God:
Gold:   205        SH:  0    Dex:  6 (7)  Spells: 8/13 levels left

rFire    . . .     SeeInvis .   h - +2 mace (protect)
rCold    + . .     Gourm    .   (no shield)
rNeg     + + +     Faith    .   b - +0 robe
rPois    ∞         Spirit   +   c - +0 hat
rElec    .         Reflect  .   (no cloak)
rCorr    .         Harm     .   (no gloves)
MR       .....                  (no boots)
Stlth    +.........             (no amulet)
HPRegen  0.08/turn              (no ring)
MPRegen  0.12/turn              (no ring)

@: very slow
A: no food or potions, cold resistance 1, deterioration 1, negative energy
resistance 3, torment resistance, unbreathing, magic shield, sturdy frame 1,
spell healing
a: no special abilities


You were on level 3 of the Dungeon.
You were not hungry.

You visited 1 branch of the dungeon, and saw 3 of its levels.

You collected 205 gold pieces.

Inventory:

Hand Weapons
 a - a +0 staff
 f - a +0 club
 h - a +2 mace of protection (weapon)
Missiles
 i - 2 throwing nets (quivered) {!f}
 k - 231 poisoned needles
Armour
 b - a +0 robe (worn)
 c - a +0 hat (worn)
Jewellery
 d - an uncursed ring of protection from cold {unknown}
Scrolls
 e - 2 scrolls of teleportation
 g - 2 scrolls of remove curse
 j - a scroll of fear
 l - a scroll of magic mapping
 m - a scroll of blinking
 n - a scroll of amnesia {unknown}


   Skills:
 + Level 1.3 Fighting
 + Level 2.7 Dodging
 - Level 2.8 Stealth
 + Level 5.2 Spellcasting
 + Level 2.7 Conjurations
 * Level 2.1 Summonings
 - Level 0.7 Translocations


You had 8 spell levels left.
You knew the following spells:

 Your Spells              Type           Power        Failure   Level  Hunger
a - Magic Dart            Conj           ##..         4%          1    N/A
b - Call Imp              Summ           ##....       9%          2    N/A
z - Blink                 Tloc           N/A          14%         2    N/A

Your spell library contained the following spells:

 Spells                   Type           Power        Failure   Level  Hunger
 Conjure Flame            Conj/Fire      #.......     22%         3    N/A
 Mephitic Cloud           Conj/Pois/Air  #.......     26%         3    N/A
 Spider Form              Tmut/Pois      Unusable     N/A         3    N/A

Dungeon Overview and Level Annotations

Branches:
Dungeon (3/12)

Altars:
Elyvilon
Fedhas
Makhleb
Qazlal
Zin


Innate Abilities, Weirdness & Mutations

You do not eat or drink.
You are immune to poison.
Your flesh is cold resistant. (rC+)
Your body sometimes deteriorates upon taking damage.
You are immune to negative energy. (rN+++)
You are immune to unholy pain and torment.
You can survive without breathing.
When hurt, damage is shared between your health and your magic reserves.
Your movements are slightly less encumbered by armour. (ER -2)
Casting spells heals you.


Message History

Casting: Blink (safe; 14% risk of failure)
Confirm with . or Enter, or press ? or * to list all spells.
You blink.
Splash!
You hear an angry hiss.
The giant cockroach misses you. The adder bites you.
* * * LOW HITPOINT WARNING * * *
Your body deteriorates!
You feel clumsy. The giant cockroach closely misses you.
The giant cockroach bites you but does no damage.
The adder misses you. The adder bites you.
* * * LOW HITPOINT WARNING * * *
The adder barely misses you. The adder misses you.
The adder closely misses you. The adder bites you.
* * * LOW HITPOINT WARNING * * *
The adder bites you.
* * * LOW HITPOINT WARNING * * *
The adder closely misses you. The adder bites you.
You die...

#......# ##...##
#.####.# ###'##
##†######≈###
#≈≈≈#≈≈≈≈≈≈# ######
#≈≈≈#≈≈#≈≈≈# #.....
##≈##≈ ##≈## .####
#≈#≈ #≈# #≈# #≈# ###
##@## ##≈## #..
#≈≈S####≈≈≈# #..
#≈≈r≈s≈s≈≈≈# #.#
##≈######≈### #.# ###
###.# #..
######.#####.P
#########..........#..
#...........##.###.#.#
#.######....##.# #.#.#


You could see an adder, a river rat and a giant cockroach.

Vanquished Creatures
  2 adders (D:3)
  An ooze (D:2)
  4 worms
  2 dart slugs (D:1)
  4 leopard geckos
  2 orcs
  2 ball pythons
  6 bats
  3 giant cockroaches
  6 goblins
  9 hobgoblins
  3 jackals (D:2)
  12 kobolds
  A quokka (D:3)
  3 frilled lizards
  2 rats
62 creatures vanquished.

Vanquished Creatures (collateral kills)
  An adder (D:3)
  An orc (D:3)
  A hobgoblin (D:2)
  A kobold (D:3)
4 creatures vanquished.

Grand Total: 66 creatures vanquished

Notes
Turn   | Place    | Note
-------+----------+-------------------------------------------
     0 | D:1      | Defined the Skeleton Wizard began the quest for the Orb.
     0 | D:1      | Reached XP level 1. HP: 10/10 MP: 5/5
   197 | D:1      | Reached XP level 2. HP: 10/15 MP: 0/7
   215 | D:1      | Learned a level 2 spell: Call Imp
   218 | D:1      | Learned a level 2 spell: Blink
  1170 | D:2      | Reached XP level 3. HP: 8/20 MP: 3/9
  1967 | D:2      | Reached skill level 1 in Fighting
  2320 | D:2      | Reached skill level 5 in Spellcasting
  2588 | D:3      | Reached XP level 4. HP: 19/25 MP: 7/11
  2612 | D:3      | Found a glowing silver altar of Zin.
  2616 | D:3      | Found a blossoming altar of Fedhas.
  2618 | D:3      | Found a white marble altar of Elyvilon.
  2620 | D:3      | Found a burning altar of Makhleb.
  2621 | D:3      | Found a stormy altar of Qazlal.
  3770 | D:3      | Slain by an adder

Skill      XL: |  1  2  3  4 |
---------------+-------------+-----
Conjurations   | 2 |  2.7
Fighting       | 1 |  1.3
Spellcasting   | 5 |  5.2
Summonings     | 2 |  2.1
Dodging        | |  2.7
Stealth        | |  2.8
Translocations | |  0.7

Action                   |  1- 3 |  4- 6 || total
-------------------------+-------+-------++-------
Melee: Staff             |    25 |       ||    25
       Mace              |    43 |    41 ||    84
 Cast: Magic Dart        |    97 |    37 ||   134
       Call Imp          |     7 |     8 ||    15
       Blink             |     2 |     3 ||     5
  Use: Scroll            |     4 |     1 ||     5
Armor: Robe              |    27 |    12 ||    39
Dodge: Dodged            |    63 |    59 ||   122
